 Dungeon Crawl Stone Soup version 0.21.0-24-g2553a33 (webtiles) character file.

1248 tidbits the Firebug (level 8, 0/58 HPs)
             Began as a Gnoll Fire Elementalist on Jan 19, 2018.
             Was an Initiate of Cheibriados.
             Succumbed to a killer bee's poison
             ... on level 7 of the Dungeon.
             The game lasted 00:10:39 (956 turns).

tidbits the Firebug (Gnoll Fire Elementalist)        Turns: 956, Time: 00:10:39

Health: 0/58       AC:  6    Str: 11    XL:     8   Next: 50%
Magic:  5/17       EV: 16    Int: 20    God:    Cheibriados [......]
Gold:   55         SH:  0    Dex: 20    Spells: 9/19 levels left

rFire    . . .     SeeInvis .   a - +1 flail (protect)
rCold    . . .     Gourm    .   (no shield)
rNeg     + . .     Faith    .   j - +0 robe
rPois    .         Spirit   .   E - +0 helmet (curse)
rElec    .         Reflect  .   (no cloak)
rCorr    .         Harm     .   G - +0 pair of gloves
MR       .....     Rnd*Rage +   (no boots)
Stlth    ++++......             (no amulet)
HPRegen  0.19/turn              u - ring of positive energy
MPRegen  0.15/turn              (no ring)

@: lethally poisoned (0 -> -11), very slow
A: distributed training, fangs 1, talons 1, slimy green scales 1, thin skeletal
structure 1, berserk 1, strong nose
a: Bend Time, Renounce Religion


You were on level 7 of the Dungeon.
You worshipped Cheibriados.
Cheibriados was noncommittal.
You were not hungry.

You visited 2 branches of the dungeon, and saw 8 of its levels.

You collected 133 gold pieces.
You spent 78 gold pieces at shops.

Inventory:

Hand Weapons
 a - a +1 flail of protection (weapon)
   (You found it on level 4 of the Dungeon)
 b - a +1 dagger of speed
   (You found it on level 4 of the Dungeon)
 d - a +0 shortbow
 e - a +0 dagger
 g - a cursed +0 scythe
Missiles
 p - 25 arrows
Armour
 j - a +0 robe (worn)
 E - a cursed +0 helmet (worn)
 G - a +0 pair of gloves (worn)
Jewellery
 u - a ring of positive energy (left hand)
   (You found it on level 6 of the Dungeon)
Wands
 o - a wand of iceblast (11)
Scrolls
 h - a scroll of enchant armour {unknown}
 i - 2 scrolls of immolation {unknown}
 k - a scroll of random uselessness {unknown}
 r - a scroll of amnesia {unknown}
 v - a scroll of noise {unknown}
Potions
 n - a potion of berserk rage
Books
 m - a book of Flames

   Spells                             Type                      Level
   a - Flame Tongue                   Conjuration/Fire             1
   b - Throw Flame                    Conjuration/Fire             2
   c - Conjure Flame                  Conjuration/Fire             3
   d - Inner Flame                    Hexes/Fire                   3
   e - Sticky Flame                   Conjuration/Fire             4
   f - Fireball                       Conjuration/Fire             5
Comestibles
 c - 3 rations


   Skills:
 + Level 3.2 Fighting
 + Level 3.2 Short Blades
 + Level 3.2 Long Blades
 + Level 3.2 Axes
 + Level 3.2 Maces & Flails
 + Level 3.2 Polearms
 + Level 3.2 Staves
 + Level 3.2 Slings
 + Level 3.2 Bows
 + Level 3.2 Crossbows
 + Level 3.2 Throwing
 + Level 3.2 Armour
 + Level 5.7 Dodging
 + Level 5.3 Stealth
 + Level 3.2 Shields
 + Level 3.2 Unarmed Combat
 + Level 6.0 Spellcasting
 + Level 3.4 Conjurations
 + Level 2.6 Hexes
 + Level 2.6 Charms
 + Level 2.6 Summonings
 + Level 2.6 Necromancy
 + Level 2.6 Translocations
 + Level 2.6 Transmutations
 + Level 6.1 Fire Magic
 + Level 2.6 Ice Magic
 + Level 2.6 Air Magic
 + Level 2.6 Earth Magic
 + Level 2.6 Poison Magic
 + Level 3.6 Invocations
 + Level 3.2 Evocations


You had 9 spell levels left.
You knew the following spells:

 Your Spells              Type           Power        Failure   Level  Hunger
a - Flame Tongue          Conj/Fire      ####.        1%          1    None
c - Conjure Flame         Conj/Fire      ####....     4%          3    ##.....
f - Throw Flame           Conj/Fire      ####..       2%          2    None
t - Sticky Flame          Conj/Fire      ####....     14%         4    ####...


Dungeon Overview and Level Annotations

Branches:
Dungeon (7/15)             Temple (1/1) D:7

Altars:
Cheibriados
Hepliaklqana
Nemelex Xobeh
Qazlal
Trog
Uskayaw

Shops:
D:5 *

Annotations:
D:4 Ijyb


Innate Abilities, Weirdness & Mutations

Your experience applies equally to all skills.
You have very sharp teeth.
Your uncanny sense of smell can sniff out nearby items.
You have sharp toenails.
You are partially covered in slimy green scales. (AC +2)
You have a somewhat thin skeletal structure. (Dex +2, Stealth)
You tend to lose your temper in combat.


Message History

Press: ? - help, Shift-Dir - straight line, f/p - killer bee
Aim: a killer bee (heavily wounded)
The flame tongue hits the killer bee.
You kill the killer bee!
Cheibriados thoroughly appreciates the change of pace.
The killer bee misses you.
You miss the killer bee.
You feel sick. The killer bee closely misses you. The killer bee stings you!
* * * LOW HITPOINT WARNING * * *
You are more poisoned.
The killer bee poisons you! The killer bee misses you.
Casting: Flame Tongue
Confirm with . or Enter, or press ? or * to list all spells.
Aiming: Flame Tongue
Press: ? - help, Shift-Dir - straight line, f - killer bee
Aim: a killer bee The flame tongue hits the killer bee.
The killer bee is lightly wounded.
The killer bee stings you.
* * * LOW HITPOINT WARNING * * *
The killer bee misses you.
Your magical contamination has completely faded away.
You hit the killer bee but do no damage.
Your weapon exudes an aura of protection.
The killer bee is lightly wounded.
You feel sick. The killer bee barely misses you. The killer bee stings you.
* * * LOW HITPOINT WARNING * * *
You feel better.
The killer bee stings you but does no damage.
The killer bee closely misses you.
You miss the killer bee.
The killer bee is lightly wounded.
The killer bee stings you.
* * * LOW HITPOINT WARNING * * *
You are poisoned.
The killer bee poisons you! The killer bee closely misses you.
The killer bee misses you.
Casting: Flame Tongue
Confirm with . or Enter, or press ? or * to list all spells.
Aiming: Flame Tongue
Press: ? - help, Shift-Dir - straight line, f/p - killer bee
Aim: a killer bee (lightly wounded)
The flame tongue hits the killer bee.
The killer bee is severely wounded.
You feel sick. The killer bee misses you. The killer bee completely misses you.
Casting: Flame Tongue
Confirm with . or Enter, or press ? or * to list all spells.
Aiming: Flame Tongue
Press: ? - help, Shift-Dir - straight line, f/p - killer bee
Aim: a killer bee (severely wounded)
The flame tongue hits the killer bee.
The killer bee is almost dead.
You feel sick.
The killer bee stings you but does no damage.
The killer bee misses you.
Casting: Flame Tongue
Confirm with . or Enter, or press ? or * to list all spells.
Aiming: Flame Tongue
Press: ? - help, Shift-Dir - straight line, f/p - killer bee
Aim: a killer bee (severely wounded)
The flame tongue misses the killer bee.
You feel sick. The killer bee misses you. The killer bee stings you!
* * * LOW HITPOINT WARNING * * *
Casting: Flame Tongue
Confirm with . or Enter, or press ? or * to list all spells.
Aiming: Flame Tongue
Press: ? - help, Shift-Dir - straight line, f/p - killer bee
Aim: a killer bee (severely wounded)
The flame tongue hits the killer bee.
You kill the killer bee!
Cheibriados thoroughly appreciates the change of pace.
The killer bee closely misses you. x2
Casting: Flame Tongue
Confirm with . or Enter, or press ? or * to list all spells.
Aiming: Flame Tongue
Press: ? - help, Shift-Dir - straight line, f - killer bee
Aim: a killer bee The flame tongue hits the killer bee.
The killer bee is heavily wounded.
You feel sick. The killer bee stings you!
* * * LOW HITPOINT WARNING * * *
You are more poisoned.
The killer bee poisons you!
The killer bee stings you but does no damage.
Casting: Flame Tongue
Confirm with . or Enter, or press ? or * to list all spells.
Aiming: Flame Tongue
Press: ? - help, Shift-Dir - straight line, f/p - killer bee
Aim: a killer bee (heavily wounded)
The flame tongue hits the killer bee.
The killer bee is heavily wounded.
* * * LOW HITPOINT WARNING * * *
You feel sick. The killer bee barely misses you.
The killer bee closely misses you.
It was a potion of mutation.
You feel extremely strange.
Your toenails lengthen and sharpen.
You feel a little pissed off.
Your bones become slightly less dense.
Slimy green scales grow over part of your body.
You die... ##########. #..y...# ......>....(.....Y.....# ...!....##......##Y##### #.8.8.8..yy.....##. ...⌠.⌠.y.#y ∆..†.. ..8.>y8.## .YY# ...⌠.⌠..# Yy#

#########
#.8.8.8.# #y#
#..../..#
#.......# #@#
#.%.....#
####......
###.#
#.......#
#......#
##...#
#.......#
#......#
#..###
#......J#
#......###.##
#<.<..Z.# ∆
##..#
#..........#
##..##
#..##.......#
#..## .
#.......#
#.##
..#######


You could see 3 yaks and 2 killer bees.

Vanquished Creatures
  Sigmund (D:3)
  An ice beast (D:5)
  A sky beast (D:6)
  An ogre (D:5)
  A centaur (D:6)
  2 bullfrogs (D:6)
  4 killer bees (D:7)
  A howler monkey (D:4)
  4 hounds
  2 jellies
  2 orc priests
  An iguana (Temple)
  A bullfrog skeleton (D:4)
  An orc wizard (D:3)
  A worker ant (D:5)
  A killer bee zombie (D:5)
  A hound skeleton (D:7)
  A worker ant zombie (D:6)
  An adder (D:4)
  A shadow imp (D:5)
  2 oozes
  A worm (D:4)
  A leopard gecko (D:6)
  3 orcs (D:3)
  A bat (D:3)
  A giant cockroach (D:4)
  2 quokkas
  A ball python (D:4)
  A kobold (D:3)
42 creatures vanquished.

Notes
Turn   | Place    | Note
-------+----------+-------------------------------------------
     0 | D:1      | tidbits the Gnoll Fire Elementalist began the quest for the Orb.
     0 | D:1      | Reached XP level 1. HP: 13/13 MP: 6/6
    43 | D:3      | Noticed Sigmund
    49 | D:3      | Killed Sigmund
    49 | D:3      | Reached skill level 1 in Fighting
    49 | D:3      | Reached skill level 1 in Short Blades
    49 | D:3      | Reached skill level 1 in Long Blades
    49 | D:3      | Reached skill level 1 in Axes
    49 | D:3      | Reached skill level 1 in Maces & Flails
    49 | D:3      | Reached skill level 1 in Polearms
    49 | D:3      | Reached skill level 1 in Staves
    49 | D:3      | Reached skill level 1 in Slings
    49 | D:3      | Reached skill level 1 in Bows
    49 | D:3      | Reached skill level 1 in Crossbows
    49 | D:3      | Reached skill level 1 in Throwing
    49 | D:3      | Reached skill level 1 in Armour
    49 | D:3      | Reached skill level 1 in Shields
    49 | D:3      | Reached skill level 1 in Unarmed Combat
    49 | D:3      | Reached skill level 5 in Spellcasting
    49 | D:3      | Reached skill level 2 in Conjurations
    49 | D:3      | Reached skill level 1 in Hexes
    49 | D:3      | Reached skill level 1 in Charms
    49 | D:3      | Reached skill level 1 in Summonings
    49 | D:3      | Reached skill level 1 in Necromancy
    49 | D:3      | Reached skill level 1 in Translocations
    49 | D:3      | Reached skill level 1 in Transmutations
    49 | D:3      | Reached skill level 1 in Ice Magic
    49 | D:3      | Reached skill level 1 in Air Magic
    49 | D:3      | Reached skill level 1 in Earth Magic
    49 | D:3      | Reached skill level 1 in Poison Magic
    49 | D:3      | Reached skill level 1 in Invocations
    49 | D:3      | Reached skill level 1 in Evocations
    49 | D:3      | Reached XP level 2. HP: 16/21 MP: 0/8
    49 | D:3      | Reached XP level 3. HP: 19/26 MP: 0/9
    49 | D:3      | Reached XP level 4. HP: 24/32 MP: 0/11
    49 | D:3      | Reached XP level 5. HP: 28/37 MP: 0/12
   121 | D:4      | Noticed Ijyb
   156 | D:4      | Reached XP level 6. HP: 38/44 MP: 7/13
   166 | D:4      | Learned a level 4 spell: Sticky Flame
   171 | D:4      | Learned a level 2 spell: Throw Flame
   175 | D:4      | Learned a level 3 spell: Conjure Flame
   273 | D:4      | Reached skill level 2 in Invocations
   355 | D:4      | Noticed a phantom
   361 | D:5      | Entered Level 5 of the Dungeon
   379 | D:5      | Reached skill level 2 in Fighting
   379 | D:5      | Reached skill level 2 in Short Blades
   379 | D:5      | Reached skill level 2 in Long Blades
   379 | D:5      | Reached skill level 2 in Axes
   379 | D:5      | Reached skill level 2 in Maces & Flails
   379 | D:5      | Reached skill level 2 in Polearms
   379 | D:5      | Reached skill level 2 in Staves
   379 | D:5      | Reached skill level 2 in Slings
   379 | D:5      | Reached skill level 2 in Bows
   379 | D:5      | Reached skill level 2 in Crossbows
   379 | D:5      | Reached skill level 2 in Throwing
   379 | D:5      | Reached skill level 2 in Armour
   379 | D:5      | Reached skill level 5 in Dodging
   379 | D:5      | Reached skill level 2 in Shields
   379 | D:5      | Reached skill level 2 in Unarmed Combat
   379 | D:5      | Reached skill level 2 in Evocations
   417 | D:5      | Noticed an ice beast
   435 | D:5      | Killed an ice beast
   435 | D:5      | Reached XP level 7. HP: 30/50 MP: 1/15
   568 | D:3      | Reached skill level 2 in Hexes
   568 | D:3      | Reached skill level 2 in Charms
   568 | D:3      | Reached skill level 2 in Summonings
   568 | D:3      | Reached skill level 2 in Necromancy
   568 | D:3      | Reached skill level 2 in Translocations
   568 | D:3      | Reached skill level 2 in Transmutations
   568 | D:3      | Reached skill level 2 in Ice Magic
   568 | D:3      | Reached skill level 2 in Air Magic
   568 | D:3      | Reached skill level 2 in Earth Magic
   568 | D:3      | Reached skill level 2 in Poison Magic
   622 | D:5      | Reached skill level 3 in Conjurations
   664 | D:6      | HP: 5/51 [sky beast (6)]
   667 | D:6      | Reached skill level 5 in Stealth
   709 | D:6      | Reached skill level 3 in Invocations
   735 | D:5      | Found Ajuleoll's Assorted Antiques.
   739 | D:5      | Reached XP level 8. HP: 20/57 MP: 8/16
   745 | D:5      | Bought a scroll labeled ISUKHU WOHIO for 27 gold pieces
   745 | D:5      | Bought a scroll labeled QAGIONAESU for 27 gold pieces
   745 | D:5      | Bought a sedimented inky potion for 24 gold pieces
   776 | D:6      | Reached skill level 6 in Fire Magic
   852 | D:6      | Reached skill level 3 in Fighting
   852 | D:6      | Reached skill level 3 in Short Blades
   852 | D:6      | Reached skill level 3 in Long Blades
   852 | D:6      | Reached skill level 3 in Axes
   852 | D:6      | Reached skill level 3 in Maces & Flails
   852 | D:6      | Reached skill level 3 in Polearms
   852 | D:6      | Reached skill level 3 in Staves
   852 | D:6      | Reached skill level 3 in Slings
   852 | D:6      | Reached skill level 3 in Bows
   852 | D:6      | Reached skill level 3 in Crossbows
   852 | D:6      | Reached skill level 3 in Throwing
   852 | D:6      | Reached skill level 3 in Armour
   852 | D:6      | Reached skill level 3 in Shields
   852 | D:6      | Reached skill level 3 in Unarmed Combat
   852 | D:6      | Reached skill level 3 in Evocations
   885 | D:7      | Found a staircase to the Ecumenical Temple.
   898 | Temple   | Entered the Ecumenical Temple
   907 | Temple   | Became a worshipper of Cheibriados the Contemplative
   920 | D:7      | Noticed a yak
   920 | D:7      | Noticed a yak
   920 | D:7      | Noticed a yak
   920 | D:7      | Noticed a yak
   941 | D:7      | Reached skill level 6 in Spellcasting
   954 | D:7      | HP: 2/58 [killer bee (7)]
   956 | D:7      | Gained mutation: You have sharp toenails. [potion of mutation]
   956 | D:7      | Gained mutation: You tend to lose your temper in combat. [potion of mutation]
   956 | D:7      | Gained mutation: You have a somewhat thin skeletal structure. (Dex +2, Stealth) [potion of mutation]
   956 | D:7      | Gained mutation: You are partially covered in slimy green scales. (AC +2) [potion of mutation]
   956 | D:7      | Succumbed to a killer bee's poison

Skill      XL: |  1  2  3  4  5  6  7  8 |
---------------+-------------------------+-----
Fighting       | 1 2 3 |  3.2
Short Blades   | 1 2 3 |  3.2
Long Blades    | 1 2 3 |  3.2
Axes           | 1 2 3 |  3.2
Maces & Flails | 1 2 3 |  3.2
Polearms       | 1 2 3 |  3.2
Staves         | 1 2 3 |  3.2
Slings         | 1 2 3 |  3.2
Bows           | 1 2 3 |  3.2
Crossbows      | 1 2 3 |  3.2
Throwing       | 1 2 3 |  3.2
Armour         | 1 2 3 |  3.2
Shields        | 1 2 3 |  3.2
Unarmed Combat | 1 2 3 |  3.2
Spellcasting   | 5 6 |  6.0
Conjurations   | 2 3 |  3.4
Hexes          | 1 2 |  2.6
Charms         | 1 2 |  2.6
Summonings     | 1 2 |  2.6
Necromancy     | 1 2 |  2.6
Translocations | 1 2 |  2.6
Transmutations | 1 2 |  2.6
Ice Magic      | 1 2 |  2.6
Air Magic      | 1 2 |  2.6
Earth Magic    | 1 2 |  2.6
Poison Magic   | 1 2 |  2.6
Invocations    | 1 2 3 |  3.6
Evocations     | 1 2 3 |  3.2
Dodging        | 5 |  5.7
Stealth        | 5 |  5.3
Fire Magic     | 6 |  6.1

Action                   |  1- 3 |  4- 6 |  7- 9 || total
-------------------------+-------+-------+-------++-------
Melee: Dagger            |       |     6 |    29 ||    35
       Flail             |       |    14 |    24 ||    38
       Bite              |       |     2 |     9 ||    11
 Cast: Flame Tongue      |     7 |    25 |    36 ||    68
       Throw Flame       |       |     3 |     5 ||     8
       Sticky Flame      |       |     2 |     5 ||     7
Evoke: Wand              |       |       |     1 ||     1
  Use: Scroll            |       |       |     6 ||     6
       Potion            |       |       |     4 ||     4
 Stab: Sleeping          |       |     2 |     2 ||     4
  Eat: Ration            |       |       |     1 ||     1
Armor: Robe              |     1 |     5 |    14 ||    20
Dodge: Dodged            |     5 |    25 |    56 ||    86

Table legend:
 A = Turns spent in this place as a percentage of turns spent in the entire game.
 B = Non-inter-level travel turns spent in this place as a percentage of non-inter-level travel turns spent in the entire game.
 C = Inter-level travel turns spent in this place as a percentage of turns spent in this place.
 D = Turns resting spent in this place as a percentage of non-inter-level travel turns spent in this place.
 E = Turns spent auto-exploring this place as a percentage of non-inter-level travel turns spent in this place.
 F = Non-inter-level travel turns spent in this place divided by the number of levels of this place that you've seen.
                   A       B       C       D       E      F
               +-------+-------+-------+-------+-------+----------------------
         Total | 100.0 | 100.0 |   0.0 |   0.0 |   0.0 | 119.5
       Dungeon |  97.9 |  97.9 |   0.0 |   0.0 |   0.0 | 133.7
        Temple |   2.1 |   2.1 |   0.0 |   0.0 |   0.0 |  20.0
               +-------+-------+-------+-------+-------+----------------------

Table legend:
 A = Kills in this place as a percentage of kills in entire the game.
 B = Kills by you in this place as a percentage of kills by you in the entire game.
 C = Kills by friends in this place as a percentage of kills by friends in the entire game.
 D = Other kills in this place as a percentage of other kills in the entire game.
 E = Experience gained in this place as a percentage of experience gained in the entire game.
 F = Experience gained in this place divided by the number of levels of this place that you have seen.
                   A       B       C       D       E      F
               +-------+-------+-------+-------+-------+----------------------
         Total | 100.0 | 100.0 |   N/A |   N/A | 100.0 | 223.0
       Dungeon |  97.6 |  97.6 |   N/A |   N/A |  97.8 | 249.3
        Temple |   2.4 |   2.4 |   N/A |   N/A |   2.2 |  39.0
               +-------+-------+-------+-------+-------+----------------------

Vault maps used:
D:1:      dpeg_arrival_water_fire, minmay_misc_feat_square, roderic_lattice_a
D:2:      first_ration, kennysheep_generic_room_4
D:3:      marbit_many_paths, uniq_sigmund
D:4:      portal_sewer_entry_d, uniq_ijyb
D:5:      serial_shops, nicolae_shop_overgrown_old_shop, serial_bayou_crossing
D:6:      uniq_blork_the_orc
D:7:      minmay_temple_entry_statues_fountains
Temple:   nicolae_temple_the_god_donut
